3A
GALESBURG GUZZLERS @ CONNETQUOT CHIEFS
07/14/2029
 
TOP OF THE 1ST
Galesburg Guzzlers batting - Pitching for Connetquot Chiefs : LHP Héctor Ramos
Pitching: LHP Héctor Ramos
Batting: RHB Janghyun Yi 0-0: Ball
1-0: Fly out, F7 (Line Drive, 78M)
Batting: RHB Jack Stidston 0-0: Ball
1-0: Foul Ball, location: 2F
1-1: Ball
2-1: Swinging Strike
2-2: Strikes out swinging
Batting: RHB Fletcher Megarity 0-0: Fly out, F9 (Flyball, 89S)
Top of the 1st over - 0 runs, 0 hits, 0 errors, 0 left on base; Galesburg 0 - Connetquot 0
BOTTOM OF THE 1ST
Connetquot Chiefs batting - Pitching for Galesburg Guzzlers : RHP Geoff Stackhouse
Pitching: RHP Geoff Stackhouse
Batting: RHB Creed Bratton 0-0: Ball
1-0: Ball
2-0: Foul Ball, location: 2F
2-1: Foul Ball, location: 2F
2-2: Foul Ball, location: 2F
2-2: Strikes out swinging
Batting: LHB Travis Grigor 0-0: Ball
1-0: Swinging Strike
1-1: Ball
2-1: SINGLE (Flyball, 56D)
Batting: RHB Dan Chrzan 0-0: Ball
1-0: Ball
2-0: Ball
3-0: Called Strike
3-1: Foul Ball, location: 2F
3-2: Strikes out swinging
Batting: RHB Peter Geib 0-0: Called Strike
0-1: Fielders Choice at 2nd, 5-4 (Groundball, 5)
Bottom of the 1st over - 0 runs, 1 hit, 0 errors, 1 left on base; Galesburg 0 - Connetquot 0
TOP OF THE 2ND
Galesburg Guzzlers batting - Pitching for Connetquot Chiefs : LHP Héctor Ramos
Batting: RHB Bastiaan Pieterse 0-0: Ball
1-0: Foul Ball, location: 2F
1-1: Foul Ball, location: 2F
1-2: Ball
2-2: Foul Ball, location: 2F
2-2: Strikes out looking
Batting: LHB César Gómes 0-0: Called Strike
0-1: Swinging Strike
0-2: Ground out 3-1 (Groundball, 34S)
Batting: RHB Pacu Martic 0-0: Ball
1-0: SINGLE (Groundball, 56D)
Batting: RHB Yu-shu Tseng 0-0: Called Strike
0-1: SINGLE (Groundball, 4D)
Pacu Martic to second
Batting: RHB Derek Bouch 0-0: Foul Ball, location: 2F
0-1: Ball
1-1: Foul Ball, location: 2F
1-2: Ground out 5-3 (Groundball, 56S)
Top of the 2nd over - 0 runs, 2 hits, 0 errors, 2 left on base; Galesburg 0 - Connetquot 0
BOTTOM OF THE 2ND
Connetquot Chiefs batting - Pitching for Galesburg Guzzlers : RHP Geoff Stackhouse
Batting: RHB Abeni Mbanefo 0-0: SINGLE (Flyball, 9S)
Batting: LHB Brad Mosley 0-0: Ball
1-0: Foul Ball, location: 2F
1-1: Foul Ball, location: 2F
1-2: Ball
2-2: Foul Ball, location: 2F
2-2: Ball
3-2: Fly out, F5 (Popup, 5D)
Batting: RHB Román Delgado 0-0: Called Strike
0-1: Ball
1-1: Fly out, F9 (Flyball, 89M)
Batting: LHB Bum-ho Im 0-0: SINGLE (Flyball, 89S)
Abeni Mbanefo to second
Batting: RHB Jesús Jaramillo 0-0: Foul Ball, location: 2F
0-1: Ball
1-1: Ball
2-1: Foul Ball, location: 2F
2-2: Foul Ball, location: 2F
2-2: Ball
3-2: Foul Ball, location: 2F
3-2: Fly out, F4 (Popup, 4MS)
Bottom of the 2nd over - 0 runs, 2 hits, 0 errors, 2 left on base; Galesburg 0 - Connetquot 0
TOP OF THE 3RD
Galesburg Guzzlers batting - Pitching for Connetquot Chiefs : LHP Héctor Ramos
Batting: LHB Andre González 0-0: Ball
1-0: Foul Ball, location: 2F
1-1: Swinging Strike
1-2: Strikes out swinging
Batting: RHB Janghyun Yi 0-0: Bunted foul
0-1: Ball
1-1: Fly out, F5 (Line Drive, 5)
Batting: RHB Jack Stidston 0-0: Foul Ball, location: 2F
0-1: Swinging Strike
0-2: Ball
1-2: Strikes out looking
Top of the 3rd over - 0 runs, 0 hits, 0 errors, 0 left on base; Galesburg 0 - Connetquot 0
BOTTOM OF THE 3RD
Connetquot Chiefs batting - Pitching for Galesburg Guzzlers : RHP Geoff Stackhouse
Batting: RHB Creed Bratton 0-0: Ball
1-0: TRIPLE (Flyball, 9D)
Batting: LHB Travis Grigor 0-0: Ball
1-0: Called Strike
1-1: Ball
2-1: Called Strike
2-2: Strikes out swinging
Batting: RHB Dan Chrzan 0-0: Ball
1-0: Ball
2-0: Called Strike
2-1: Foul Ball, location: 2F
2-2: Foul Ball, location: 2F
2-2: Ball
3-2: 2-RUN HOME RUN (Flyball, 7LD), Distance : 361 ft
Batting: RHB Peter Geib 0-0: Called Strike
0-1: Ball
1-1: Called Strike
1-2: Strikes out looking
Batting: RHB Abeni Mbanefo 0-0: Called Strike
0-1: Ground out 6-3 (Groundball, 6S)
Bottom of the 3rd over - 2 runs, 2 hits, 0 errors, 0 left on base; Galesburg 0 - Connetquot 2
TOP OF THE 4TH
Galesburg Guzzlers batting - Pitching for Connetquot Chiefs : LHP Héctor Ramos
Batting: RHB Fletcher Megarity 0-0: Called Strike
0-1: Called Strike
0-2: Ball
1-2: Ground out 5-3 (Groundball, 56S)
Batting: RHB Bastiaan Pieterse 0-0: Called Strike
0-1: Foul Ball, location: 2F
0-2: Fly out, F8 (Flyball, 8RD)
Batting: LHB César Gómes 0-0: Called Strike
0-1: Ball
1-1: Ball
2-1: Ball
3-1: Hit by Pitch
Batting: RHB Pacu Martic 0-0: Ball
1-0: Ball
2-0: Called Strike
2-1: Ball
3-1: Called Strike
3-2: Foul Ball, location: 2F
3-2: Foul Ball, location: 2F
3-2: Foul Ball, location: 2F
3-2: SINGLE (Line Drive, 4D)
César Gómes to second
César Gómes to third
Batting: RHB Yu-shu Tseng 0-0: Called Strike
0-1: Ball
1-1: Called Strike
1-2: Ball
2-2: Ground out 5-3 (Groundball, 56)
Top of the 4th over - 0 runs, 1 hit, 0 errors, 2 left on base; Galesburg 0 - Connetquot 2
BOTTOM OF THE 4TH
Connetquot Chiefs batting - Pitching for Galesburg Guzzlers : RHP Geoff Stackhouse
Batting: LHB Brad Mosley 0-0: Foul Ball, location: 2F
0-1: Foul Ball, location: 2F
0-2: Ball
1-2: Strikes out looking
Batting: RHB Román Delgado 0-0: Swinging Strike
0-1: Ball
1-1: Ball
2-1: Ground out 4-3 (Groundball, 4)
Batting: LHB Bum-ho Im 0-0: Ball
1-0: Called Strike
1-1: SINGLE (Line Drive, 9LS)
Batting: RHB Jesús Jaramillo 0-0: Called Strike
0-1: SINGLE (Line Drive, 6D)
Bum-ho Im to second
Batting: RHB Creed Bratton 0-0: Foul Ball, location: 2F
0-1: Ball
1-1: Foul Ball, location: 2F
1-2: Strikes out swinging
Bottom of the 4th over - 0 runs, 2 hits, 0 errors, 2 left on base; Galesburg 0 - Connetquot 2
TOP OF THE 5TH
Galesburg Guzzlers batting - Pitching for Connetquot Chiefs : LHP Héctor Ramos
Batting: RHB Derek Bouch 0-0: Ball
1-0: Fly out, F9 (Line Drive, 9)
Batting: LHB Andre González 0-0: Called Strike
0-1: Foul Ball, location: 2F
0-2: Ball
1-2: Ball
2-2: Ball
3-2: Fly out, F6 (Popup, 6)
Batting: RHB Janghyun Yi 0-0: Ball
1-0: Swinging Strike
1-1: Ball
2-1: Ball
3-1: SINGLE (Line Drive, 89S)
Batting: RHB Jack Stidston 0-0: Ground out 4-3 (Groundball, 34D)
Top of the 5th over - 0 runs, 1 hit, 0 errors, 1 left on base; Galesburg 0 - Connetquot 2
BOTTOM OF THE 5TH
Connetquot Chiefs batting - Pitching for Galesburg Guzzlers : RHP Geoff Stackhouse
Batting: LHB Travis Grigor 0-0: Ball
1-0: Ball
2-0: Foul Ball, location: 2F
2-1: Ball
3-1: Ground out U3 (Groundball, 34)
Batting: RHB Dan Chrzan 0-0: Ball
1-0: Ground out 5-3 (Groundball, 56S)
Batting: RHB Peter Geib 0-0: Ball
1-0: Ball
2-0: Foul Ball, location: 2F
2-1: Foul Ball, location: 2F
2-2: Ball
3-2: Base on Balls
Pitching: RHP Bartolo Morales
Batting: RHB Abeni Mbanefo 0-0: Ball
1-0: Ball
2-0: Called Strike
2-1: Ball
3-1: Swinging Strike
3-2: Fly out, F9 (Flyball, 9LM)
Bottom of the 5th over - 0 runs, 0 hits, 0 errors, 1 left on base; Galesburg 0 - Connetquot 2
TOP OF THE 6TH
Galesburg Guzzlers batting - Pitching for Connetquot Chiefs : LHP Héctor Ramos
Batting: RHB Fletcher Megarity 0-0: Called Strike
0-1: Ball
1-1: Swinging Strike
1-2: Ball
2-2: SINGLE (Groundball, 6MS) (infield hit)
Batting: RHB Bastiaan Pieterse 0-0: Called Strike
0-1: Foul Ball, location: 2F
0-2: Ball
1-2: Ball
2-2: Ball
3-2: SINGLE (Line Drive, 4MD)
Fletcher Megarity to second
Runner from 2nd tries for 3rd, SAFE, no throw
Batting: LHB César Gómes 0-0: Ball
1-0: Ball
2-0: Called Strike
2-1: Swinging Strike
2-2: Fly out, F9 (Flyball, 9D)
Runner from 3rd tags up, SCORES, no throw
Batting: RHB Pacu Martic 0-0: SINGLE (Line Drive, 9S)
Bastiaan Pieterse to second
Batting: RHB Yu-shu Tseng 0-0: Called Strike
0-1: Foul Ball, location: 2F
0-2: Ball
1-2: Foul Ball, location: 2F
1-2: Ball
2-2: Fly out, F7 (Flyball, 78S)
Pitching: LHP José Velasco
Batting: RHB Derek Bouch 0-0: Ball
1-0: Ball
2-0: Foul Ball, location: 2F
2-1: SINGLE (Flyball, 89M)
Bastiaan Pieterse to third
Pacu Martic to second
Runner from 3rd tries for Home, SAFE, no throw
Batting: LHB Andre González 0-0: Swinging Strike
0-1: Swinging Strike
0-2: Strikes out swinging
Top of the 6th over - 2 runs, 4 hits, 0 errors, 2 left on base; Galesburg 2 - Connetquot 2
BOTTOM OF THE 6TH
Connetquot Chiefs batting - Pitching for Galesburg Guzzlers : RHP Bartolo Morales
Batting: LHB Brad Mosley 0-0: Foul Ball, location: 2F
0-1: Ball
1-1: Foul Ball, location: 2F
1-2: Foul Ball, location: 2F
1-2: Foul Ball, location: 2F
1-2: Strikes out swinging
Batting: RHB Román Delgado 0-0: Called Strike
0-1: Swinging Strike
0-2: Ball
1-2: Ball
2-2: Foul Ball, location: 2F
2-2: Ball
3-2: Strikes out looking
Batting: LHB Bum-ho Im 0-0: Called Strike
0-1: Fly out, F2 (Popup, 23F)
Bottom of the 6th over - 0 runs, 0 hits, 0 errors, 0 left on base; Galesburg 2 - Connetquot 2
TOP OF THE 7TH
Galesburg Guzzlers batting - Pitching for Connetquot Chiefs : LHP José Velasco
Batting: RHB Janghyun Yi 0-0: Ball
1-0: Called Strike
1-1: Called Strike
1-2: Strikes out swinging
Batting: RHB Jack Stidston 0-0: Swinging Strike
0-1: Ball
1-1: Foul Ball, location: 2F
1-2: SINGLE (Line Drive, 7S)
Batting: RHB Fletcher Megarity 0-0: Grounds into double play, 3-6-1 (Groundball, 3)
Top of the 7th over - 0 runs, 1 hit, 0 errors, 0 left on base; Galesburg 2 - Connetquot 2
BOTTOM OF THE 7TH
Connetquot Chiefs batting - Pitching for Galesburg Guzzlers : RHP Bartolo Morales
Batting: RHB Jesús Jaramillo 0-0: Called Strike
0-1: Hit by Pitch
Batting: RHB Creed Bratton
Pinch Hitting: LHB Carlos Campos 0-0: Sac Bunt - play at first, batter OUT! 2-4
Jesús Jaramillo to second
Batting: LHB Travis Grigor 0-0: SINGLE (Line Drive, 89S)
Jesús Jaramillo to third
Runner from 3rd tries for Home, SAFE, no throw
Batting: RHB Dan Chrzan 0-0: Swinging Strike
0-1: Foul Ball, location: 2F
0-2: Strikes out swinging
Batting: RHB Peter Geib 0-0: Ball
1-0: Foul Ball, location: 2F
1-1: Foul Ball, location: 2F
1-2: Strikes out swinging
Bottom of the 7th over - 1 run, 1 hit, 0 errors, 1 left on base; Galesburg 2 - Connetquot 3
TOP OF THE 8TH
Galesburg Guzzlers batting - Pitching for Connetquot Chiefs : LHP José Velasco
Now in RF: Rafael Longoria
Batting: RHB Bastiaan Pieterse 0-0: Ball
1-0: Ball
2-0: Ball
3-0: Called Strike
3-1: Ground out 5-3 (Groundball, 56)
Batting: LHB César Gómes 0-0: Ball
1-0: Foul Ball, location: 2F
1-1: Called Strike
1-2: Foul Ball, location: 2F
1-2: Foul Ball, location: 2F
1-2: Ball
2-2: Ball
3-2: Base on Balls
Batting: RHB Pacu Martic 0-0: Ball
1-0: Grounds into double play, 5-4-3 (Groundball, 56)
Top of the 8th over - 0 runs, 0 hits, 0 errors, 0 left on base; Galesburg 2 - Connetquot 3
BOTTOM OF THE 8TH
Connetquot Chiefs batting - Pitching for Galesburg Guzzlers : RHP Bartolo Morales
Batting: RHB Abeni Mbanefo 0-0: Ball
1-0: Ball
2-0: Foul Ball, location: 2F
2-1: Ball
3-1: Base on Balls
Batting: LHB Brad Mosley 0-0: Bunted foul
0-1: Bunted foul
0-2: Foul Ball, location: 2F
0-2: Foul Ball, location: 2F
0-2: Fielders Choice at 2nd, 4-6 (Groundball, 34)
Batting: RHB Román Delgado 0-0: Fly out, F7 (Flyball, 7S)
Batting: LHB Bum-ho Im 0-0: Ball
Brad Mosley steals 2nd base
1-0: Ball
2-0: Ground out 4-3 (Groundball, 4)
Bottom of the 8th over - 0 runs, 0 hits, 0 errors, 1 left on base; Galesburg 2 - Connetquot 3
TOP OF THE 9TH
Galesburg Guzzlers batting - Pitching for Connetquot Chiefs : LHP José Velasco
Batting: RHB Yu-shu Tseng 0-0: Fly out, F8 (Flyball, 8RXD)
Pinch Hitting: LHB Abiram Wahine 0-0: Called Strike
0-1: Ball
1-1: SINGLE (Groundball, 34D)
Pinch Runner at 1st Ángelo Corona:
Pinch Hitting: RHB Tony Martínez 0-0: Called Strike
0-1: Foul Ball, location: 2F
0-2: Foul Ball, location: 2F
0-2: Ball
1-2: Ball
2-2: Foul Ball, location: 2F
2-2: DOUBLE (Flyball, 8LD)
Ángelo Corona to third
Runner from 3rd tries for Home, SAFE, no throw
Batting: RHB Janghyun Yi 0-0: Intentional Walk
Batting: RHB Jack Stidston 0-0: Ball
1-0: Called Strike
1-1: Fielders Choice at 2nd, 1-6 (Groundball, 13)
Tony Martínez to third
Batting: RHB Fletcher Megarity 0-0: Called Strike
0-1: Ball
1-1: SINGLE (Groundball, 4MD)
Tony Martínez scores
Jack Stidston to second
Runner from 2nd tries for 3rd, SAFE, no throw
Batting: RHB Bastiaan Pieterse 0-0: Fly out, F8 (Flyball, 8RM)
Top of the 9th over - 2 runs, 3 hits, 0 errors, 2 left on base; Galesburg 4 - Connetquot 3
BOTTOM OF THE 9TH
Connetquot Chiefs batting - Pitching for Galesburg Guzzlers : RHP Bartolo Morales
Pitching: LHP Steve Wortley
Now at 1B: Ángelo Corona
Now at SS: Tony Martínez
Batting: RHB Jesús Jaramillo 0-0: Ball
1-0: Ball
2-0: Single, Error in OF, E8, batter to second base
Pinch Hitting: RHB Cristián Ramírez 0-0: Bunted foul
0-1: Ball
1-1: Bunt - Flyout - DP at third! 1-6
Pinch Hitting: RHB Carlos Flores 0-0: Called Strike
0-1: Called Strike
0-2: Ball
1-2: Strikes out swinging
Bottom of the 9th over - 0 runs, 1 hit, 1 error, 0 left on base; Galesburg 4 - Connetquot 3
Tuesday, December 19th, 2017 - OOTP Baseball 18.8 Build 76